 Dungeon Crawl Stone Soup version 0.31.0-9-g3a7656b989 (webtiles) character file.

Game seed: 9027583174593986862

3000 Henri the Basher (level 9, -5/85 HPs)
             Began as a Gargoyle Fighter on Jan 29, 2024.
             Was an Elder of Zin.
             Slain by a killer bee (6 damage)
             ... on level 9 of the Dungeon.
             The game lasted 00:24:16 (7290 turns).

Henri the Basher (Gargoyle Fighter)                 Turns: 7290, Time: 00:24:17

Health: -5/85      AC: 15    Str: 24    XL:     9   Next: 84%
Magic:  9/9        EV:  9    Int:  9    God:    Zin [****..]
Gold:   378        SH:  4    Dex:  9    Spells: 8/8 levels left

rFire   . . .        D - +0 morningstar
rCold   . . .        c - +0 buckler
rNeg    + . .        b - +1 scale mail
rPois   ∞            (no helmet)
rElec   +            (no cloak)
rCorr   +            (no gloves)
SInv    .            C - +0 pair of boots
Will    .....        (no amulet) Stlth
                     k - ring of flight
HPRegen 0.34/turn    p - ring of resist corrosion
MPRegen 0.11/turn

%: no passive effects
@: berserking (expiring), flying, very quick
A: sickness immunity, AC +6, negative energy resistance 1, electricity
resistance, torment resistance 1, petrification resistance
a: Renounce Religion, Recite, Vitalisation, Imprison, Donate Gold


You were on level 9 of the Dungeon.
You worshipped Zin.
Zin was greatly pleased with you.
You visited 2 branches of the dungeon, and saw 10 of its levels.

You collected 420 gold pieces.
You donated 42 gold pieces to Zin.

Inventory:

Hand Weapons
 a - a +1 flail
 D - a +0 morningstar (weapon)
Armour
 b - a +1 scale mail (worn)
 c - a +0 buckler (worn)
 C - a +0 pair of boots (worn)
Jewellery
 k - a ring of flight (left hand)
 p - a ring of resist corrosion (right hand)
Wands
 l - a wand of roots (8)
 n - a wand of flame (33)
 v - a wand of mindburst (12)
 x - a wand of digging (9)
 y - a wand of light (5)
Scrolls
 e - a scroll of enchant armour
 f - a scroll of fear {unknown}
 g - 2 scrolls of blinking {unknown}
 i - a scroll of teleportation
 j - a scroll of vulnerability {unknown}
 t - a scroll of enchant weapon
 u - a scroll of noise {unknown}
 w - a scroll of brand weapon {unknown}
Potions
 d - a potion of might
 m - a potion of magic
 q - 4 potions of curing
 r - a potion of heal wounds
 s - a potion of resistance
 z - a potion of lignification {unknown}
 A - a potion of cancellation {unknown}
 B - 2 potions of attraction {unknown}


   Skills:
 + Level 7.3 Fighting
 * Level 11.1 Maces & Flails
 - Level 5.0 Armour
 - Level 5.0 Shields


You had 8 spell levels left.
You didn't know any spells.
Your spell library contained the following spells:

 Spells                   Type           Power      Damage    Failure   Level
 Ensorcelled Hibernation  Hex/Ice        0%         N/A       86%         2
 Passwall                 Erth           0%         N/A       98%         3
 Swiftness                Air            0%         N/A       98%         3


Dungeon Overview and Level Annotations

Branches:
Dungeon (9/15)             Temple (1/1) D:7             Orc (0/2) D:9
   Lair: D:8-11

Altars:
Ashenzari
Cheibriados
Elyvilon
Fedhas
Hepliaklqana
Makhleb
Okawaru
Qazlal
Ru
Sif Muna
Uskayaw
Vehumet
Wu Jian
Xom
Yredelemnul
Zin
The Shining One

Shops:
D:4 *   D:7 !

Annotations:
D:4 2 transporters, ripuliukko's ghost, amateur GrEE
D:6 Jeremiah
D:7 1 runed translucent door, Stonecrops's ghost, novice OnBe


Innate Abilities, Weirdness & Mutations

You are immune to sickness and miasma.
Your stone body is resilient. (AC +6)
You are immune to poison.
You resist negative energy. (rN+)
You are resistant to electric shocks. (rElec)
You are resistant to unholy torment.
You are immune to petrification.


Message History

The killer bee barely misses you.
You barely miss the killer bee. The killer bee closely misses you.
The killer bee stings you.
* * * LOW HITPOINT WARNING * * *
The killer bee stings you but does no damage.
You completely miss the killer bee.
The killer bee stings you but does no damage.
The killer bee stings you.
* * * LOW HITPOINT WARNING * * *
You block the killer bee's attack. x2
You puncture the killer bee!
The killer bee is severely wounded.
The killer bee completely misses you.
The killer bee stings you but does no damage.
You block the killer bee's attack.
You barely miss the killer bee.
The killer bee is severely wounded.
The killer bee stings you.
* * * LOW HITPOINT WARNING * * *
The killer bee stings you but does no damage. x2
You barely miss the killer bee.
The killer bee is severely wounded.
You block the killer bee's attack. The killer bee stings you.
* * * LOW HITPOINT WARNING * * *
The killer bee stings you.
* * * LOW HITPOINT WARNING * * *
The killer bee stings you but does no damage.
You impale the killer bee!!
You kill the killer bee!
The killer bee stings you but does no damage.
The killer bee barely misses you.
Unknown command.
You are too berserk!
Unknown command.
You closely miss the killer bee. The killer bee stings you.
* * * LOW HITPOINT WARNING * * *
The killer bee stings you but does no damage.
The killer bee barely misses you.
You closely miss the killer bee. The killer bee stings you.
You die...

,,,,,,,,* *,,,†.y†..!**,,,,,,,
,,,,,,,,*** *,,,....†..**,,,,,,,
,,,,,,,,+,****,,,!......,,,,,,,,,
,,,,,,,,*,,,,*,,,yyyy...*,,,,,,,,
,,,,,,,,****,+,,,y.y.!,,**,,,,,,,
**+****** ***,,,yy.,,,,**,,,,,,,
,,,* **##y#**********+*** ****
########yy##### *,,* *
########@###### **,*
********###...........# ***,**
,,,,,,,,.##...........#*****,,,,,
,,,,,,,,.##...........#,,,**,,,,,
,,,,,,,,.##............§_,,*,,,,,
,,,,,,,,.#............#.,,,,,,,,,
,,,,,,,,.#..............,,**,,,,,
,,,,,,,,.#.....<......##****,,,,,
,,,,,,,,.#............# *,,,,,


You could see 11 killer bees.

Vanquished Creatures
  Maggie (D:7)
  A queen bee (D:9)
  Sigmund (D:3)
  A steam dragon (D:7)
  2 ice beasts
  A sky beast (D:7)
  2 centaurs (D:6)
  An ogre (D:5)
  2 phantoms
  2 bullfrogs (D:7)
  A scorpion (D:5)
  5 wights (D:8)
  3 killer bees (D:9)
  2 electric eels
  3 howler monkeys (D:7)
  A bombardier beetle (D:6)
  A crimson imp (D:5)
  4 hounds
  2 jellies
  2 sleepcaps
  A gnoll bouda (D:5)
  6 orc wizards
  2 iguanas
  6 gnolls (D:5)
  8 adders
  A white imp (D:5)
  6 ufetubi
  19 orcs
  9 ball pythons
  13 endoplasms
  A giant cockroach (D:2)
  9 goblins
  4 hobgoblins
  3 jackals (D:5)
  8 kobolds
  8 quokkas
  6 bats
  4 frilled lizards
  4 rats
156 creatures vanquished.

Notes
Turn   | Place    | Note
-------+----------+-------------------------------------------
     0 | D:1      | Henri the Gargoyle Fighter began the quest for the Orb.
     0 | D:1      | Reached XP level 1. HP: 14/14 MP: 1/1
   127 | D:1      | Reached XP level 2. HP: 18/19 MP: 2/2
   348 | D:1      | Reached skill level 3 in Maces & Flails
   591 | D:1      | Found a faded altar of an unknown god.
   777 | D:1      | Reached XP level 3. HP: 19/23 MP: 3/3
  1181 | D:2      | Found a glowing silver altar of Zin.
  1189 | D:2      | Became a worshipper of Zin the Law-Giver
  1348 | D:2      | Reached skill level 4 in Maces & Flails
  1517 | D:2      | Reached XP level 4. HP: 24/28 MP: 4/4
  1876 | D:3      | Reached * piety under Zin
  2043 | D:3      | Noticed Sigmund
  2350 | D:3      | Found a radiant altar of Vehumet.
  2353 | D:3      | Found a shimmering altar of Xom.
  2356 | D:3      | Found a sacrificial altar of Ru.
  2362 | D:3      | Found a white marble altar of Elyvilon.
  2365 | D:3      | Found a glowing silver altar of Zin.
  2538 | D:4      | Reached skill level 5 in Maces & Flails
  2538 | D:4      | Reached XP level 5. HP: 32/32 MP: 5/5
  2601 | D:4      | Found a transporter.
  2607 | D:4      | Reached ** piety under Zin
  2608 | D:4      | Noticed ripuliukko's ghost (amateur GrEE)
  2664 | D:4      | Found a transporter.
  2882 | D:4      | Found Lulao's Assorted Antiques.
  2903 | D:4      | Found a glowing golden altar of the Shining One.
  3002 | D:4      | Found a hide-covered altar of Uskayaw.
  3197 | D:5      | Entered Level 5 of the Dungeon
  3224 | D:5      | Reached skill level 6 in Maces & Flails
  3224 | D:5      | Reached XP level 6. HP: 35/37 MP: 6/6
  3648 | D:5      | Reached skill level 7 in Maces & Flails
  3737 | D:5      | Reached *** piety under Zin
  3777 | D:5      | Found a blossoming altar of Fedhas.
  3867 | D:5      | Reached XP level 7. HP: 41/41 MP: 7/7
  4115 | D:3      | Killed Sigmund
  4255 | D:5      | Reached skill level 8 in Maces & Flails
  4730 | D:6      | Reached XP level 8. HP: 48/48 MP: 8/8
  4967 | D:6      | Noticed Jeremiah
  5026 | D:6      | Reached skill level 5 in Fighting
  5026 | D:6      | Reached skill level 5 in Armour
  5348 | D:6      | Reached skill level 9 in Maces & Flails
  5459 | D:7      | Reached **** piety under Zin
  5545 | D:7      | Found a staircase to the Ecumenical Temple.
  5552 | Temple   | Entered the Ecumenical Temple
  5558 | D:7      | Noticed Maggie
  5575 | D:7      | Killed Maggie
  5576 | D:7      | Reached XP level 9. HP: 35/55 MP: 9/9
  5640 | D:7      | Reached skill level 10 in Maces & Flails
  5642 | D:7      | Reached skill level 5 in Shields
  5920 | D:7      | Found Nonlo's Distillery.
  6052 | D:7      | Found an iron altar of Okawaru.
  6063 | D:7      | Identified the +1 whip "Dicetorgh" {antimagic, rF+ Str+2
                  | Dex+2}
  6342 | D:7      | Found a runed translucent door.
  6342 | D:7      | Noticed Stonecrops's ghost (novice OnBe)
  6883 | D:8      | Noticed a komodo dragon
  7118 | D:8      | Noticed a komodo dragon
  7262 | D:9      | Noticed a queen bee
  7279 | D:9      | Killed a queen bee
  7280 | D:9      | Reached skill level 11 in Maces & Flails
  7289 | D:9      | HP: 1/85 [killer bee (6)]
  7290 | D:9      | Slain by a killer bee

Illustrated notes

Levels and vault maps discovered:
D:1:      orjb1_clovarrival, layout_basic, chequers_ecumenical_altar_island,
          minmay_hedge_maze
D:2:      layout_loops_ring, basic_altar, minmay_hexomino_f4
D:3:      layout_basic, minmay_overflow_temple_star_hex, uniq_sigmund
D:4:      layout_basic, lemuel_round_altar, tso_altar,
          gammafunk_ghost_gnarly_gnolls, nicolae_stop_n_shop_2
D:5:      layout_rooms, fedhas_altar_1, minmay_fire_ice_demons
D:6:      layout_basic, serial_glass, glass_columns_b, glass_columns_c,
          glass_columns_a, glass_columns_a, glass_columns_b, glass_columns_a,
          glass_columns_a, glass_columns_c, kennysheep_doodads, kennysheep_nub,
          uniq_jeremiah
D:7:      layout_cave_pools, mainiacjoe_overflow_concentric_impassable,
          minmay_temple_entry_wispy, serial_shops, kennysheep_little_box,
          gammafunk_ghost_grave, amcnicky_mini_rare_corridor_liquid,
          kennysheep_big_empty_room, grunt_decor_clamped, moated_statue,
          uniq_maggie
D:8:      layout_loops_ring, nicolae_overflow_hidden_temple, erik_lair_dragon,
          nicolae_tricolors
D:9:      layout_roguey [special_room_bee], grunt_dithmenos_smoke, orc_0_dummy,
          enter_bailey_5, grunt_decor_cap
Temple:   hellmonk_temple_beads

Skill      XL: |  1  2  3  4  5  6  7  8  9 |
---------------+----------------------------+-----
Maces & Flails | 3 4 5 6 7 8 9 11 | 11.1
Fighting       | 4 6 7 |  7.3
Armour         | 4 5 |  5.0
Shields        | 4 5 |  5.0

Action                     |  1- 3 |  4- 6 |  7- 9 || total
---------------------------+-------+-------+-------++-------
  Melee: Flail             |   121 |   212 |   308 ||   641
         Morningstar       |       |       |    28 ||    28
 Invoke: Recite            |       |     4 |    10 ||    14
    Use: Scroll            |       |       |    10 ||    10
         Potion            |       |       |     1 ||     1
   Stab: Confused          |       |     1 |     2 ||     3
         Invisible         |       |       |     1 ||     1
 Armour: Scale mail        |    80 |   147 |   348 ||   575
  Dodge: Dodged            |    41 |   108 |   175 ||   324
  Block: Buckler           |    22 |    39 |    85 ||   146
